 Seeded DCSS version 0.29.1-2-gbd0b4ee654 (webtiles) character file.

Game seed: 3311 (custom seed)

50 Ashen the Grave Robber (level 3, -5/24 HPs)
             Began as a Demonspawn Necromancer on Oct 27, 2022.
             Slain by Crazy Yiuf
             ... wielding a +3 quarterstaff of chaos
              (6 damage)
             ... on level 2 of the Dungeon.
             The game lasted 00:04:44 (2797 turns).

Ashen the Grave Robber (Demonspawn Necromancer)     Turns: 2797, Time: 00:04:45

Health: -5/24      AC:  4    Str:  8    XL:     3   Next: 55%
Magic:  0/6        EV: 12    Int: 18    God:
Gold:   132        SH:  0    Dex: 13    Spells: 2/6 levels left

rFire   . . .      SeeInvis .   k - staff of death
rCold   . . .      Faith    .   (no shield)
rNeg    + . .      Spirit   .   l - +0 leather armour
rPois   .          Reflect  .   n - +0 helmet
rElec   .          Harm     .   (no cloak)
rCorr   .          Rampage  .   (no gloves)
Will    .....                   (no boots)
Stlth   ++........              (no amulet)
HPRegen 0.08/turn               (no ring)
MPRegen 0.10/turn               (no ring)

@: no status effects
A: sturdy frame 2
a: no special abilities


You were on level 2 of the Dungeon.
You visited 1 branch of the dungeon, and saw 2 of its levels.

You collected 132 gold pieces.

Inventory:

Hand Weapons
 h - a +0 short sword of venom
Armour
 l - a +0 leather armour (worn)
 n - a +0 helmet (worn)
Magical Staves
 k - a staff of death (weapon)
Scrolls
 a - a scroll of enchant armour {unknown}
 d - a scroll of teleportation {unknown}
 e - a scroll of fear {unknown}
 j - a scroll of identify {unknown}
 m - a scroll of noise {unknown}
Potions
 b - a potion of magic
 c - a potion of mutation {unknown}
 f - a potion of heal wounds {unknown}
 g - 2 potions of attraction {unknown}
 i - 2 potions of resistance {unknown}


   Skills:
 + Level 0.2 Fighting
 - Level 0.1 Short Blades
 + Level 2.2 Dodging
 + Level 2.3 Stealth
 + Level 2.4 Spellcasting
 + Level 4.9 Necromancy


You had 2 spell levels left.
You knew the following spells:

 Your Spells              Type           Power      Damage    Failure   Level
a - Necrotise             Necr           100%       1d9       2%          1
b - Vampiric Draining     Necr           30%        2d8       7%          3

Your spell library contained the following spells:

 Spells                   Type           Power      Damage    Failure   Level
 Animate Dead             Necr           30%        N/A       22%         4
 Frozen Ramparts          Ice            4%         1d1       45%         3
 Agony                    Necr           30%        N/A       52%         5
 Ice Form                 Ice/Tmut       2%         N/A       86%         4
 Summon Ice Beast         Ice/Summ       2%         N/A       86%         4


Dungeon Overview and Level Annotations

Branches:
Dungeon (2/15)

Altars:

Annotations:
D:2 Crazy Yiuf


Innate Abilities, Weirdness & Mutations

Your movements are less encumbered by armour. (ER -4)


Message History

Crazy Yiuf shouts!
Crazy Yiuf writhes in agony.
Casting: Necrotise (safe; 2% risk of failure)
Confirm with . or Enter, or press ? or * to list all spells.
Aiming: Necrotise (safe; 2% risk of failure)
Press: ? - help, Shift-Dir - straight line, f/p - Crazy Yiuf
Aim: Crazy Yiuf, wielding a +3 quarterstaff of chaos and wearing a +1 cloak of poison resistance (lightly wounded, chance to affect: 88%)
You feel a surge of power!
Crazy Yiuf barely resists.
Casting: Necrotise (safe; 2% risk of failure)
Confirm with . or Enter, or press ? or * to list all spells.
Aiming: Necrotise (safe; 2% risk of failure)
Press: ? - help, Shift-Dir - straight line, f/p - Crazy Yiuf
Aim: Crazy Yiuf, wielding a +3 quarterstaff of chaos and wearing a +1 cloak of poison resistance (lightly wounded, chance to affect: 88%)
You feel a surge of power!
Crazy Yiuf barely resists.
Casting: Necrotise (safe; 2% risk of failure)
Confirm with . or Enter, or press ? or * to list all spells.
Aiming: Necrotise (safe; 2% risk of failure)
Press: ? - help, Shift-Dir - straight line, f/p - Crazy Yiuf
Aim: Crazy Yiuf, wielding a +3 quarterstaff of chaos and wearing a +1 cloak of poison resistance (lightly wounded, chance to affect: 88%)
You feel a surge of power!
Crazy Yiuf barely resists.
Crazy Yiuf hits you with a +3 quarterstaff of chaos!
Casting: Necrotise (safe; 2% risk of failure)
Confirm with . or Enter, or press ? or * to list all spells.
Aiming: Necrotise (safe; 2% risk of failure)
Press: ? - help, Shift-Dir - straight line, f/p - Crazy Yiuf
Aim: Crazy Yiuf, wielding a +3 quarterstaff of chaos and wearing a +1 cloak of poison resistance (lightly wounded, chance to affect: 88%)
You feel a surge of power!
Crazy Yiuf writhes in agony.
Crazy Yiuf says, "Fluff!
Cod meccalolo agre."
Crazy Yiuf hits you with a +3 quarterstaff of chaos!
* * * LOW HITPOINT WARNING * * *
Crazy Yiuf freezes you.
* * * LOW HITPOINT WARNING * * *
Casting: Necrotise (safe; 2% risk of failure)
Confirm with . or Enter, or press ? or * to list all spells.
Aiming: Necrotise (safe; 2% risk of failure)
Press: ? - help, Shift-Dir - straight line, f/p - Crazy Yiuf
Aim: Crazy Yiuf, wielding a +3 quarterstaff of chaos and wearing a +1 cloak of poison resistance (lightly wounded, chance to affect: 88%)
You feel a surge of power!
Crazy Yiuf writhes in agony!
Crazy Yiuf hits you with a +3 quarterstaff of chaos.
You die...

#...........#.#.#.#.##..#.#
#....############.#.##.####
#...)# ##'#+##..#.# #....#
##### #.....#..... #....#
#..)# #.....#.#... #....#
#...# #.....#.##.. #....#
... ##.#.##.#... ###### #g#
##.#.#...... ♣♣@♣
#..#.#...... ♣.♣♣
#..#.#...... ### ♣♣.♣
##.#.#...... #.# ♣.♣♣
#...##..... #.# ♣♣.♣♣
#...#...... #.# ♣...♣♣
##.#.#.##### #.# ♣....♣
#..#.#.# #.# #....#
####...#
#.###....####......#####


You could see Crazy Yiuf.

Vanquished Creatures
  A worm (D:2)
  3 dart slugs
  6 endoplasms
  2 giant cockroaches (D:1)
  5 hobgoblins
  4 jackals (D:2)
  A quokka (D:2)
  6 ball pythons
  3 bats (D:1)
  A frilled lizard (D:1)
  2 goblins (D:1)
  2 kobolds
  A rat (D:1)
37 creatures vanquished.

Vanquished Creatures (collateral kills)
  A rat (D:2)
1 creature vanquished.

Grand Total: 38 creatures vanquished

Notes
Turn   | Place    | Note
-------+----------+-------------------------------------------
     0 | D:1      | Ashen the Demonspawn Necromancer began the quest for the
                  | Orb.
     0 | D:1      | Reached XP level 1. HP: 13/13 MP: 3/3
   108 | D:1      | Gained mutation: Your movements are slightly less
                  | encumbered by armour. (ER -2) [demonic ancestry]
   108 | D:1      | Reached XP level 2. HP: 7/19 MP: 0/5
  1665 | D:2      | Gained mutation: Your movements are less encumbered by
                  | armour. (ER -4) [demonic ancestry]
  1665 | D:2      | Reached XP level 3. HP: 21/24 MP: 1/6
  1876 | D:2      | Learned a level 3 spell: Vampiric Draining
  1933 | D:2      | Found a runed translucent door.
  2742 | D:2      | Found a faded altar of an unknown god.
  2788 | D:2      | Noticed Crazy Yiuf
  2796 | D:2      | HP: 1/24 [Crazy Yiuf/+3 quarterstaff of chaos (2)]
  2797 | D:2      | Slain by Crazy Yiuf

Illustrated notes

Levels and vault maps discovered:
D:1:      amcnicky_arrival_flooded_fountain, layout_loops_corners
D:2:      layout_basic, shapermc_ecumenical_altar_petra,
          nicolae_figureground_sparkle, uniq_crazy_yiuf_cottage

Skill      XL: |  1 |
---------------+----+-----
Dodging        | 2 |  2.2
Stealth        | 2 |  2.3
Fighting       | |  0.2
Short Blades   | |  0.1
Spellcasting   | |  2.4
Necromancy     | |  4.9

Action                   || total
-------------------------++-------
Melee: Unarmed           ||    11
       Punch             ||     2
       Short sword       ||    17
       Staff             ||     7
 Cast: Necrotise         ||    72
Armor: Robe              ||     8
       Leather armour    ||     1
Dodge: Dodged            ||    32
